 Dungeon Crawl Stone Soup version 0.25-a0-668-gea548f1 (webtiles) character file.

Game seed: 14252592539745569427, levelgen mode: deterministic

38 Faca the Vandal (level 3, 1/25 HPs)
             Began as a Halfling Hunter on Mar 28, 2020.
             Quit the game on level 2 of the Dungeon.
             The game lasted 00:02:23 (1022 turns).

Faca the Vandal (Halfling Hunter)                   Turns: 1022, Time: 00:02:23

Health: 1/25       AC:  5    Str: 14    XL:     3   Next: 65%
Magic:  3/3        EV: 13    Int:  9    God:
Gold:   80         SH:  0    Dex: 14    Spells: 2/2 levels left

rFire    . . .     SeeInvis .   b - +0 short sword
rCold    . . .     Gourm    .   (shield restricted)
rNeg     . . .     Faith    .   h - +0 ring mail
rPois    .         Spirit   .   (no helmet)
rElec    .         Reflect  .   (no cloak)
rCorr    .         Harm     .   (no gloves)
MR       .....                  (no boots)
Stlth    +.........             (no amulet)
HPRegen  0.08/turn              (no ring)
MPRegen  0.08/turn              (no ring)

@: lethally poisoned (1 -> -3), very slightly contaminated, invisible (expiring)
A: small, mutation resistance 1
a: no special abilities


You were on level 2 of the Dungeon.
You were not hungry.

You visited 1 branch of the dungeon, and saw 2 of its levels.

You collected 80 gold pieces.

Inventory:

Hand Weapons
 a - a +1 hunting sling
 b - a +0 short sword (weapon)
Missiles
 d - 41 sling bullets
 g - 30 stones (quivered)
Armour
 h - a +0 ring mail (worn)
Scrolls
 c - a scroll of magic mapping {unknown}
 e - a scroll of fear
 j - a scroll of enchant weapon {unknown}
Comestibles
 f - 5 rations


   Skills:
 + Level 2.4 Fighting
 + Level 2.0 Short Blades
 + Level 6.4 Slings
 - Level 2.1 Dodging
 - Level 1.1 Stealth


You had 2 spell levels left.
You didn't know any spells.
Your spell library was empty.

Dungeon Overview and Level Annotations

Branches:
Dungeon (2/15)

Altars:


Innate Abilities, Weirdness & Mutations

You are small and have problems with some larger weapons.
You are somewhat resistant to further mutation.


Message History

You feel sick.
It was a potion of invisibility.
You fade into invisibility!
You are very lightly contaminated with residual magic.
* * * LOW HITPOINT WARNING * * *
You feel sick.
Unknown command.
* * * LOW HITPOINT WARNING * * *
You feel sick.
You see here an adder corpse.
* * * LOW HITPOINT WARNING * * *
You feel sick.
* * * LOW HITPOINT WARNING * * *
You feel sick.
You flicker for a moment.
* * * LOW HITPOINT WARNING * * *
You feel sick.
* * * LOW HITPOINT WARNING * * *
You feel sick.
Are you sure you want to abandon this character and quit the game? (Confirm with "yes".)

#...# ###.#.#
######...#..
#......#####
#.####...#..
#†# ###.#.#
#.# #...#
############.#
##.##
#.....@......#
#.#
#.############
#####.##
#.......
#.###### #.#
#.# #.# #.#
#.#


There were no monsters in sight!

Vanquished Creatures
  An adder (D:2)
  2 dart slugs
  2 bats (D:1)
  A giant cockroach (D:1)
  4 goblins (D:1)
  4 hobgoblins (D:1)
  4 kobolds
  5 frilled lizards (D:1)
  3 rats
26 creatures vanquished.

Notes
Turn   | Place    | Note
-------+----------+-------------------------------------------
     0 | D:1      | Faca the Halfling Hunter began the quest for the Orb.
     0 | D:1      | Reached XP level 1. HP: 14/14 MP: 1/1
   103 | D:1      | Reached skill level 6 in Slings
   112 | D:1      | Reached XP level 2. HP: 14/19 MP: 2/2
   199 | D:1      | Reached skill level 1 in Short Blades
   486 | D:1      | Reached XP level 3. HP: 23/24 MP: 3/3
  1018 | D:2      | HP: 1/25 [poisoned by an adder]
  1022 | D:2      | Quit the game

Levels and vault maps discovered:
D:1:      denvon_arrival_waterhouse, layout_basic
D:2:      layout_loops_ring

Skill      XL: |  1  2  3 |
---------------+----------+-----
Slings         | 6 |  6.4
Fighting       | 2 |  2.4
Short Blades   | 1 2 |  2.0
Dodging        | |  2.1
Stealth        | |  1.1

Action                   || total
-------------------------++-------
Melee: Short sword       ||    90
  Use: Scroll            ||     4
       Potion            ||     1
 Stab: Distracted        ||     1
Armor: Leather armour    ||     2
       Ring mail         ||    21
Dodge: Dodged            ||    64

Table legend:
 A = Non-vault XP
 B = Vault XP
 C = Vault XP percentage of total XP
 D = Non-vault monster count
 E = Vault monster count
 F = Vault count percentage of total count
                 A         B        C        D         E       F
            +---------+---------+-------+---------+---------+-------
      Total |      55 |       0 |   0.0 |      26 |       0 |   0.0
            +---------+---------+-------+---------+---------+-------
        D:1 |      35 |       0 |   0.0 |      22 |       0 |   0.0
        D:2 |      20 |       0 |   0.0 |       4 |       0 |   0.0
            +---------+---------+-------+---------+---------+-------
